 Dungeon Crawl Stone Soup version 0.23.0-3-gf3c87f2df8 (webtiles) character file.

Game seed: 5224035944514300775

12453 Revguard the Basher (level 11, -2/69 HPs)
             Began as a Gargoyle Fighter on Feb 25, 2019.
             Was a Follower of Ru.
             Slain by Rupert
             ... wielding a +4 great mace of protection
              (5 damage)
             ... on level 12 of the Dungeon.
             The game lasted 00:38:43 (10025 turns).

Revguard the Basher (Gargoyle Fighter)             Turns: 10025, Time: 00:38:44

Health: -2/69      AC: 28    Str: 20    XL:     11   Next: 93%
Magic:  0/20       EV:  6    Int: 16    God:    Ru [*.....]
Gold:   719        SH: 12    Dex: 12    Spells: 10/10 levels left

rFire    . . .     SeeInvis .   A - +10 whip of Vodka {venom, Int+7}
rCold    + . .     Gourm    +   c - +0 shield
rNeg     + . .     Faith    .   j - +0 plate armour
rPois    ∞         Spirit   +   C - +1 helmet
rElec    +         Reflect  .   u - scarf {Spirit}
rCorr    .         Harm     .   B - +0 pair of gloves
MR       .....                  n - +1 pair of boots
Stlth    ..........             v - amulet of the gourmand
HPRegen  0.21/turn              J - ring of protection from cold
MPRegen  0.17/turn              s - ring of magical power

@: drained
A: negative energy resistance 1, electricity resistance, unbreathing,
petrification resistance, rot immunity, no fire magic, no summoning magic, no
transmutations magic, AC +8
a: Renounce Religion


You were on level 12 of the Dungeon.
You worshipped Ru.
Ru was aware of your devotion.
You were not hungry.

You visited 2 branches of the dungeon, and saw 13 of its levels.

You collected 719 gold pieces.

Inventory:

Hand Weapons
 A - the +10 whip of Vodka (weapon) {venom, Int+7}
   (You took it off a big kobold on level 4 of the Dungeon)

   It poisons the flesh of those it strikes.
   It affects your intelligence (+7).
 H - a +5 mace of freezing
Armour
 c - a +0 shield (worn)
 j - a +0 plate armour (worn)
 n - a +1 pair of boots (worn)
 u - a scarf of spirit shield (worn)
 B - a +0 pair of gloves (worn)
 C - a +1 helmet (worn)
Jewellery
 i - an uncursed ring of ice
 s - a ring of magical power (right hand)
 v - an amulet of the gourmand (around neck)
 J - a ring of protection from cold (left hand)
 K - an uncursed amulet of harm
Wands
 b - a wand of polymorph (3)
 r - a wand of paralysis (26)
 D - a wand of disintegration (12)
 I - a wand of enslavement (9)
 L - a wand of iceblast (8)
Scrolls
 e - a scroll of torment {unknown}
 g - 3 scrolls of random uselessness {unknown}
 h - 4 scrolls of fog {unknown}
 k - a scroll of fear {unknown}
 l - 6 scrolls of enchant armour {unknown}
 m - a scroll of blinking {unknown}
 o - a scroll of summoning {unknown}
 p - 3 scrolls of identify
 q - a scroll of remove curse {unknown}
 t - 2 scrolls of immolation {unknown}
 w - a scroll of amnesia {unknown}
 x - 2 scrolls of teleportation {unknown}
 y - 2 scrolls of magic mapping {unknown}
 z - 3 scrolls of enchant weapon {unknown}
Potions
 a - 2 potions of flight
 d - a potion of might
 E - 2 potions of curing
 F - a potion of invisibility
 G - a potion of lignification
Comestibles
 f - 18 rations


   Skills:
 + Level 8.4(7.6) Fighting
 + Level 11.4(10.5) Maces & Flails
 + Level 9.8(9.0) Armour
 + Level 2.5(1.8) Dodging
 + Level 10.9(10.0) Shields
 + Level 1.0(0.3) Evocations


You had 10 spell levels left.
You didn't know any spells.
Your spell library contained the following spells:

 Spells                   Type           Power        Failure   Level  Hunger
 Animate Skeleton         Necr           N/A          100%        1    ##.....
 Magic Dart               Conj           #...         100%        1    ##.....
 Pain                     Necr           #...         100%        1    ##.....
 Searing Ray              Conj           #.....       100%        2    ###....
 Dazzling Spray           Conj/Hex       #.....       100%        3    ####...
 Regeneration             Chrm/Necr      #.........   100%        3    ####...
 Vampiric Draining        Necr           #.........   100%        3    ####...
 Animate Dead             Necr           N/A          100%        4    #####..
 Force Lance              Conj/Tloc      #.......     100%        4    #####..
 Fulminant Prism          Conj/Hex       #.........   100%        4    #####..
 Iskenderun's Mystic Bla  Conj           #.......     100%        4    #####..
 Beastly Appendage        Tmut           Unusable     N/A         1    N/A
 Sticks to Snakes         Tmut           Unusable     N/A         2    N/A
 Spider Form              Tmut/Pois      Unusable     N/A         3    N/A
 Ice Form                 Ice/Tmut       Unusable     N/A         4    N/A
 Blade Hands              Tmut           Unusable     N/A         5    N/A

Dungeon Overview and Level Annotations

Branches:
Dungeon (12/15)            Temple (1/1) D:5            Lair (0/6) D:11
    Orc (0/2) D:11

Altars:
Ashenzari
Cheibriados
Dithmenos
Elyvilon
Fedhas
Gozag
Hepliaklqana
Kikubaaqudgha
Makhleb
Nemelex Xobeh
Okawaru
Qazlal
Ru
Sif Muna
Trog
Uskayaw
Vehumet
Wu Jian
Xom
Yredelemnul
Zin
The Shining One

Shops:
D:4 =   D:6 %

Annotations:
D:12 Rupert


Innate Abilities, Weirdness & Mutations

You are resistant to torment.
Your stone body is resilient. (AC +8)
You are immune to poison.
You resist negative energy. (rN+)
You are resistant to electric shocks. (rElec)
You can survive without breathing.
You are immune to petrification.
You are immune to rotting.
You cannot study or cast Fire magic.
You cannot study or cast Summoning magic.
You cannot study or cast Transmutations magic.


Message History

Evoke which item? (* to show all) (? for menu, Esc to quit)
Aiming: Enslavement
Press: ? - help, Shift-Dir - straight line, f - Rupert
Aim: Rupert, wielding a +4 great mace of protection and wearing a +1 ring mail of magic resistance (moderately wounded, berserk, fast, unusually strong, poisoned, chance to defeat MR: 0%) Rupert resists with almost no effort.
You block Rupert's attack. The wight hits you but does no damage.
You block Rupert's attack.
Things that are here:
a +0 great sword; a +2 robe of magic resistance The wight hits you but does no damage.
Evoke which item? (* to show all) (? for menu, Esc to quit)
Aiming: Disintegrate
Press: ? - help, Shift-Dir - straight line, f/p - Rupert
Aim: Rupert, wielding a +4 great mace of protection and wearing a +1 ring mail of magic resistance (moderately wounded, berserk, fast, unusually strong, poisoned, chance to defeat MR: 0%) Rupert resists with almost no effort.
Rupert hits you with a +4 great mace of protection!!
* * * LOW HITPOINT WARNING * * *
You block the wight's attack.
Rupert hits you with a +4 great mace of protection!
You die...

#...##..... #...#
#...##..... #...#
#...##.....
#...#...#...##.....
#...#...#...##.....
#...#...#..........
#...#...#.......... .
#...#...#.......... ..
#.@.#...#.......... ..
#z@.....#..<....... #.
#..z....#.......... #..
#))##...#..........
#...#..##...#..........
#......##..............
#......##..###.........
#..##..##..# #.........
#.. #..##..# #.....##..


You could see Rupert (berserk) and 2 wights.

Vanquished Creatures
  Harold (D:9)
  A two-headed ogre (D:8)
  Pikel (D:5)
  The ghost of Murks the Destroyer, a novice DEFE of Vehumet (D:8)
  A cyclops (D:11)
  Maurice (D:10)
  3 trolls
  4 hornets (D:9)
  A hippogriff (D:9)
  A wraith (D:10)
  6 yaks (D:10)
  Eustachio (D:5)
  2 wargs (D:11)
  A water moccasin (D:11)
  2 slaves (D:6)
  9 orc warriors
  3 ice beasts
  2 sky beasts
  2 necrophages
  A phantom (D:9)
  4 ogres
  The ghost of suspiciousseal the Slasher, an amateur DsGl (D:4)
  16 centaurs
  A big kobold (D:4)
  4 bullfrogs
  3 scorpions
  13 wights
  3 howler monkeys (D:8)
  2 centaur zombies
  6 crimson imps
  13 orc wizards
  2 bullfrog skeletons
  10 orc priests
  7 hounds
  2 jellies
  A centaur skeleton (D:6)
  3 iguanas
  8 worker ants
  A spectral hound (D:8)
  2 hound skeletons
  A hound zombie (D:8)
  A howler monkey zombie (D:8)
  A worker ant zombie (D:11)
  A howler monkey skeleton (D:10)
  7 adders
  A hound simulacrum (D:8)
  A shadow imp (D:10)
  A howler monkey simulacrum (D:8)
  An ooze (D:1)
  2 adder skeletons
  3 worms
  4 dart slugs
  4 leopard geckos
  50 orcs
  A ball python (D:4)
  6 giant cockroaches
  7 goblins
  3 hobgoblins
  14 jackals
  11 kobolds
  5 quokkas
  4 bats
  4 frilled lizards
  A jackal skeleton (D:7)
  A quokka skeleton (D:9)
  6 rats
  A plant (D:5)
288 creatures vanquished.

Vanquished Creatures (others)
  A fungus (D:4)
  3 plants (D:4)
4 creatures vanquished.

Grand Total: 292 creatures vanquished

Notes
Turn   | Place    | Note
-------+----------+-------------------------------------------
     0 | D:1      | Revguard the Gargoyle Fighter began the quest for the Orb.
     0 | D:1      | Reached XP level 1. HP: 14/14 MP: 1/1
   357 | D:1      | Reached XP level 2. HP: 19/19 MP: 2/2
   892 | D:1      | Reached XP level 3. HP: 23/23 MP: 3/3
  1635 | D:2      | Reached XP level 4. HP: 24/28 MP: 4/4
  2083 | D:3      | Reached skill level 3 in Maces & Flails
  2874 | D:4      | Found a runed translucent gate.
  2874 | D:4      | Found a runed translucent gate.
  2874 | D:4      | Found a runed translucent gate.
  2875 | D:4      | Identified the +10 whip of Vodka {venom, Int+7}
  2875 | D:4      | Noticed a big kobold
  2876 | D:4      | Noticed suspiciousseal's ghost (amateur DsGl)
  2939 | D:4      | Noticed a bullfrog
  2942 | D:4      | Found Dihete Mecue's Jewellery Emporium.
  2952 | D:4      | Killed a bullfrog
  2952 | D:4      | Reached XP level 5. HP: 23/33 MP: 3/5
  3166 | D:4      | Reached XP level 6. HP: 38/38 MP: 6/6
  3196 | D:4      | Reached skill level 4 in Maces & Flails
  3467 | D:4      | Reached skill level 5 in Shields
  3492 | D:4      | Killed suspiciousseal's ghost
  3597 | D:5      | Entered Level 5 of the Dungeon
  3597 | D:5      | Found a staircase to the Ecumenical Temple.
  3609 | Temple   | Entered the Ecumenical Temple
  3761 | Temple   | Became a worshipper of Ru the Awakened
  3839 | D:5      | Reached XP level 7. HP: 43/43 MP: 7/7
  4154 | D:5      | Noticed Eustachio
  4161 | D:5      | Killed Eustachio
  4161 | D:5      | Reached skill level 5 in Maces & Flails
  4490 | D:6      | Found Doodeo's Food Emporium.
  4622 | D:6      | Reached skill level 5 in Armour
  4665 | D:6      | Reached skill level 1 in Dodging
  4665 | D:6      | Reached XP level 8. HP: 11/48 MP: 2/8
  4673 | D:6      | Reached skill level 6 in Maces & Flails
  4908 | D:6      | Noticed Pikel
  5231 | D:5      | Killed Pikel
  5231 | D:5      | Reached skill level 5 in Fighting
  5274 | D:6      | Reached skill level 7 in Maces & Flails
  5331 | D:6      | Reached XP level 9. HP: 46/54 MP: 9/9
  5459 | D:6      | Gained mutation: You cannot study or cast Fire magic. [Ru
                  | sacrifice]
  5459 | D:6      | Gained mutation: You cannot study or cast Transmutations
                  | magic. [Ru sacrifice]
  5459 | D:6      | Gained mutation: You cannot study or cast Summoning magic.
                  | [Ru sacrifice]
  5459 | D:6      | Reached * piety under Ru
  5763 | D:7      | Reached skill level 1 in Evocations
  5941 | D:7      | Reached skill level 8 in Maces & Flails
  6062 | D:7      | Found a burning altar of Makhleb.
  6184 | D:8      | Noticed a two-headed ogre
  6193 | D:8      | Killed a two-headed ogre
  6193 | D:8      | Reached XP level 10. HP: 36/61 MP: 5/10
  6197 | D:8      | Reached skill level 9 in Maces & Flails
  6234 | D:8      | Found a glowing golden altar of the Shining One.
  6235 | D:8      | Found a sparkling altar of Nemelex Xobeh.
  6244 | D:8      | Found a stormy altar of Qazlal.
  6244 | D:8      | Found an opulent altar of Gozag.
  6252 | D:8      | Found a shadowy altar of Dithmenos.
  6815 | D:8      | Found a runed translucent gate.
  6817 | D:8      | Found a runed translucent gate.
  6818 | D:8      | Found a runed translucent gate.
  6820 | D:8      | Noticed Murks's ghost (novice DEFE)
  6849 | D:8      | Killed Murks's ghost
  7207 | D:9      | Found a basalt altar of Yredelemnul.
  7494 | D:9      | Reached skill level 10 in Maces & Flails
  7852 | D:9      | Noticed Harold
  7878 | D:9      | Killed Harold
  7878 | D:9      | Reached XP level 11. HP: 48/67 MP: 9/11
  8012 | D:10     | Entered Level 10 of the Dungeon
  8132 | D:10     | Found a bloodstained altar of Trog.
  8188 | D:10     | Reached skill level 10 in Shields
  8315 | D:10     | Noticed Maurice
  8337 | D:10     | Killed Maurice
  8337 | D:10     | Reached skill level 11 in Maces & Flails
  8878 | D:11     | Found a staircase to the Lair.
  9197 | D:11     | Found a staircase to the Orcish Mines.
  9507 | D:11     | Noticed a cyclops
  9524 | D:11     | Killed a cyclops
  9993 | D:12     | Noticed Rupert
 10014 | D:12     | Paralysed by Rupert for 4 turns
 10024 | D:12     | HP: 3/69 [Rupert/+4 great mace of protection (16)]
 10025 | D:12     | Slain by Rupert

Skill      XL: |  1  2  3  4  5  6  7  8  9 10 11 |
---------------+----------------------------------+-----
Shields        | 4 5 6 7 8 9 10 | 10.9
Maces & Flails | 3 4 5 7 8 10 11 | 11.4
Armour         | 4 5 6 7 8 9 |  9.8
Fighting       | 4 5 6 7 8 |  8.4
Dodging        | 1 2 |  2.5
Evocations     | 1 |  1.0

Action                   |  1- 3 |  4- 6 |  7- 9 | 10-12 || total
-------------------------+-------+-------+-------+-------++-------
Melee: Flail             |   134 |   179 |       |       ||   313
       Whip              |       |    22 |   226 |   566 ||   814
       Unarmed           |       |       |     4 |       ||     4
Invok: Sacrifice Arcana  |       |       |     1 |       ||     1
       Reject Sacrifices |       |       |       |     1 ||     1
Evoke: Wand              |       |       |     1 |     2 ||     3
  Use: Scroll            |       |     2 |     1 |     4 ||     7
       Potion            |       |       |     5 |     2 ||     7
 Stab: Paralysed         |       |       |     1 |       ||     1
  Eat: Chunk             |     2 |     5 |     7 |    24 ||    38
       Ration            |       |     1 |       |     1 ||     2
Armor: Scale mail        |    77 |       |       |       ||    77
       Plate armour      |    26 |   132 |   103 |   226 ||   487
Dodge: Dodged            |    45 |    31 |    33 |    92 ||   201
Block: Shield            |    78 |   118 |   103 |   264 ||   563
